Map: Acropolis LE

Players

Reynor

  • Race: Zerg Zerg
  • Spawn Location: 5:00

herO - Winner!

  • Race: Protoss Protoss
  • Spawn Location: 11:00

Event: 2019 WCS Global FInals

VOD

Have the link to the VOD?

Description

Time

  • Played on: Oct. 26, 2019, 12:40 a.m.
  • Length: 11:24

All games in this series

Show
View Real Time Build Order
Export as new Build Order

Reynor Zerg 

Build Orders: Hatch First 

Get SALT Encoding   

  12  0:00  Drone  
  13  0:12  Overlord  
  13  0:16  Drone  
  14  0:30  Drone x2  
  16  0:47  Drone  
  16  0:48  Drone  
  18  0:55  Hatchery  
  17  0:58  Drone  
  18  1:09  Drone, Extractor  
  18  1:17  Spawning Pool  
  17  1:19  Drone  
  18  1:27  Drone  
  19  1:40  Overlord  
  19  2:02  Drone  
  19  2:03  Queen  
  19  2:04  Zergling x2  
  19  2:07  Zergling x2  
  24  2:09  Queen  
  24  2:10  Drone  
  27  2:17  Drone  
  27  2:18  Metabolic Boost  
  27  2:22  Drone  
  29  2:28  Drone  
  30  2:40  Hatchery  
  30  2:43  Drone  
  30  2:46  Drone  
  30  2:49  Drone  
  32  2:55  Drone x2  
  32  2:57  Pneumatized Carapace  
  33  3:03  Zergling x2  
  33  3:04  Zergling x2  
  35  3:14  Overlord  
  35  3:16  Overlord  
  35  3:23  Overlord  
  35  3:32  Drone x4  
  39  3:34  Queen  
  41  3:44  Drone x2  
  41  3:47  Queen  
  45  3:50  Drone x2  
  45  3:51  Roach Warren  
  45  3:53  Drone  
  45  3:54  Zergling x2  
  49  3:55  Zergling x2  
  49  3:58  Extractor, Zergling x2  
  49  4:04  Spine Crawler  
  49  4:05  Zergling x4  
  49  4:09  Overlord  
  50  4:14  Zergling x2  
  50  4:16  Zergling x6  
  54  4:23  Overlord  
  54  4:30  Roach x4  
  62  4:33  Roach  
  64  4:38  Drone  
  64  4:39  Overlord  
  64  4:42  Drone x2  
  67  4:47  Overlord  
  67  4:52  Ravager  
  68  4:53  Zergling x8  
  68  4:56  Ravager  
  68  4:59  Drone x2  
  75  5:02  Extractor  
  75  5:03  Drone  
  75  5:06  Ravager  
  76  5:07  Overlord  
  76  5:09  Drone  
  76  5:12  Drone  
  78  5:14  Drone  
  78  5:19  Drone x3  
  78  5:20  Drone  
  83  5:22  Overlord  
  83  5:23  Drone x2  
  83  5:27  Drone x2  
  87  5:31  Overlord  
  87  5:34  Drone, Extractor  
  87  5:38  Roach x2  
  87  5:39  Roach  
  93  5:43  Drone x2  
  93  5:47  Lair  
  95  5:50  Roach x2  
  95  5:53  Zergling x4  
  95  5:54  Zergling x2  
  102  5:59  Overlord  
  102  6:00  Ravager  
  102  6:02  Zergling x8  
  102  6:03  Ravager  
  108  6:07  Zergling x6  
  108  6:09  Overlord  
  111  6:13  Ravager  
  111  6:15  Overlord  
  111  6:18  Drone x2  
  114  6:19  Overlord  
  113  6:27  Evolution Chamber, Drone  
  113  6:28  Drone x2  
  113  6:29  Drone x2  
  113  6:30  Drone x3  
  113  6:31  Drone  
  121  6:36  Baneling Nest  
  121  6:37  Overlord, Extractor  
  119  6:40  Drone x2  
  119  6:42  Drone  
  120  6:49  Drone x2, Glial Reconstitution  
  120  6:53  Zerg Missile Weapons Level 1  
  122  6:55  Roach x3  
  122  6:56  Overseer  
  122  7:00  Roach x2  
  132  7:09  Drone, Extractor  
  132  7:13  Roach x2  
  136  7:16  Overlord  
  136  7:21  Hatchery  
  135  7:23  Overseer  
  135  7:27  Centrifical Hooks  
  135  7:29  Roach, Zergling x10  
  142  7:30  Zergling x6  
  142  7:35  Roach x2  
  142  7:36  Roach  
  151  7:40  Overlord  
  151  7:43  Roach, Zergling x2  
  154  7:47  Overlord  
  154  7:53  Overlord  
  154  8:01  Zergling x12, Roach  
  154  8:03  Overlord  
  162  8:08  Overlord  
  162  8:10  Zergling x2, Roach  
  167  8:13  Roach, Zergling x2  
  168  8:20  Zergling x6  
  168  8:21  Baneling x23  
  168  8:22  Baneling x2  
  168  8:23  Ravager  
  168  8:24  Baneling, Ravager  
  168  8:27  Baneling x4  
  173  8:29  Zergling x4  
  173  8:31  Zergling x4  
  173  8:33  Baneling x2  
  177  8:35  Baneling x4  
  177  8:37  Zergling x2  
  169  8:50  Zergling x16, Roach  
  169  8:54  Zergling x8  
  169  8:59  Zergling x8  
  169  9:01  Zergling x4  
  148  9:03  Zergling x2  
  148  9:07  Roach  
  138  9:13  Spire  
  138  9:16  Drone x4  
  141  9:23  Baneling x6  
  141  9:25  Drone x3  
  141  9:27  Drone  
  142  9:35  Roach x3  
  145  9:41  Baneling x7  
  145  9:42  Baneling  
  145  9:43  Roach  
  144  9:52  Baneling x9  
  138  9:53  Zergling x2  
  138  9:54  Zergling x12  
  138  9:55  Ravager x2  
  138  9:56  Ravager  
  138  9:59  Zergling x8  
  151  10:02  Roach x3  
  151  10:05  Ravager x2  
  154  10:07  Zergling x8  
  154  10:08  Zergling x2  
  154  10:12  Baneling x4  
  154  10:13  Baneling x3, Zergling x4  
  159  10:15  Zergling x4  
  156  10:22  Zergling x12  
  156  10:24  Baneling x7  
  152  10:31  Zergling x6  
  152  10:33  Roach  
  147  10:36  Zergling x2  
  134  10:46  Roach x6  
  133  10:50  Baneling x8  
  133  10:55  Roach x3, Zergling x2  
  140  10:58  Roach x2, Zergling x2  
Show
View Real Time Build Order
Export as new Build Order

herO Protoss - Winner!

Build Orders: 1 Gate Expand 

Get SALT Encoding   

  12  0:00  Probe  
  13  0:14  Pylon  
  13  0:17  Probe (Chrono Boost)  
  14  0:27  Probe (Chrono Boost)  
  15  0:32  Probe (Chrono Boost)  
  16  0:42  Gateway  
  16  0:44  Probe  
  16  0:49  Assimilator  
  17  0:56  Probe  
  18  1:08  Probe  
  19  1:20  Probe  
  20  1:27  Nexus  
  20  1:35  Cybernetics Core  
  20  1:38  Probe  
  21  1:44  Assimilator  
  21  1:51  Probe  
  22  1:54  Pylon  
  22  2:03  Probe  
  23  2:10  Adept (Chrono Boost)  
  23  2:14  Robotics Facility  
  25  2:16  Probe  
  25  2:19  Warp Gate  
  26  2:28  Probe  
  27  2:32  Stalker  
  29  2:39  Probe (Chrono Boost)  
  31  2:46  Probe (Chrono Boost)  
  31  2:49  Probe (Chrono Boost)  
  32  2:53  Probe (Chrono Boost)  
  32  2:54  Probe (Chrono Boost)  
  34  2:59  Warp Prism (Chrono Boost)  
  34  3:02  Sentry  
  38  3:06  Probe  
  38  3:12  Gateway  
  39  3:20  Gateway  
  40  3:29  Immortal (Chrono Boost)  
  43  3:38  Gateway  
  43  3:42  Gateway  
  43  3:48  Assimilator  
  43  3:53  Gateway  
  43  3:57  Probe x2  
  43  3:59  Observer (Chrono Boost)  
  43  4:00  Pylon  
  46  4:04  Pylon  
  46  4:18  Probe x2  
  46  4:19  Immortal  
  50  4:24  Sentry  
  50  4:25  Zealot  
  50  4:31  Probe (Chrono Boost)  
  56  4:33  Probe (Chrono Boost)  
  56  4:36  Forge  
  56  4:39  Assimilator  
  56  4:43  Probe (Chrono Boost)  
  56  4:45  Pylon  
  58  4:46  Probe (Chrono Boost)  
  58  4:51  Probe (Chrono Boost)  
  58  4:52  Stalker  
  62  4:54  Probe (Chrono Boost)  
  62  4:59  Pylon  
  62  5:01  Probe  
  62  5:03  Probe  
  64  5:08  Immortal (Chrono Boost), Protoss Ground Weapons Level 1 (Chrono Boost)  
  64  5:14  Probe  
  69  5:16  Probe  
  69  5:21  Twilight Council  
  70  5:25  Pylon  
  72  5:33  Sentry x2  
  74  5:37  Pylon  
  74  5:43  Immortal (Chrono Boost)  
  78  5:52  Zealot, Sentry  
  78  5:53  Zealot  
  78  5:57  Pylon  
  84  6:05  Nexus  
  84  6:10  Blink  
  84  6:11  Probe x2  
  84  6:15  Shield Battery  
  86  6:19  Stalker  
  86  6:27  Probe x2  
  86  6:30  Immortal  
  92  6:39  Probe x2  
  94  6:46  Phoenix x2  
  94  6:53  Probe x2 (Chrono Boost)  
  96  6:55  Robotics Facility  
  96  6:57  Robotics Bay  
  96  6:58  Assimilator  
  96  7:05  Probe x2 (Chrono Boost)  
  96  7:07  Pylon  
  98  7:09  Immortal  
  98  7:10  Pylon  
  102  7:15  Probe  
  102  7:16  Probe, Protoss Ground Weapons Level 2 (Chrono Boost)  
  102  7:19  Probe  
  105  7:24  Sentry x2  
  105  7:25  Assimilator  
  105  7:28  Probe x2  
  111  7:31  Probe  
  112  7:40  Photon Cannon, Probe x2  
  112  7:44  Colossus (Chrono Boost)  
  112  7:50  Probe  
  119  7:52  Probe x2  
  119  7:53  Gateway  
  119  7:54  Colossus (Chrono Boost)  
  119  7:55  Gateway  
  127  8:02  Pylon  
  127  8:06  Extended Thermal Lance (Chrono Boost)  
  127  8:13  Pylon, Probe  
  127  8:15  Pylon  
  128  8:27  Zealot  
  128  8:28  Colossus (Chrono Boost)  
  136  8:34  Stalker  
  136  8:37  Stalker, Zealot x2  
  148  8:52  Colossus  
  148  8:54  Sentry x2  
  122  9:09  Stalker x4  
  118  9:17  Stalker  
  118  9:18  Stalker x3  
  118  9:21  Photon Cannon  
  118  9:23  Observer  
  127  9:25  Probe x3  
  127  9:27  Photon Cannon  
  128  9:43  Stalker x7  
  142  9:45  Stalker  
  129  10:12  Stalker x5  
  129  10:13  Stalker  
  129  10:14  Zealot x2  
  115  10:36  Stalker x6  
  115  10:40  Zealot x2  
  115  10:59  Stalker x2  
  115  11:00  Stalker x4  
  115  11:03  Zealot  
Tags
 
Add a new tag
Caveats
  • Supply blocks, unpowered buildings, or Contaminate may cause inaccurate times.
  • Supply counts are checked every 10 seconds.